 Dungeon Crawl Stone Soup version 0.25.1-8-g42b30a86e7 (webtiles) character file.

Game seed: 16679533852092427490

1065 Abzac the Skirmisher (level 8, -2/71 HPs)
             Began as a White Draconian Chaos Knight on Dec 16, 2020.
             Was a Plaything of Xom.
             Slain by Ijyb
             ... wielding a +7 club
              (10 damage)
             ... on level 5 of the Dungeon.
             The game lasted 00:12:21 (5064 turns).

Abzac the Skirmisher (White Draconian Chaos Knight) Turns: 5064, Time: 00:12:22

Health: -2/71      AC:  6    Str: 16    XL:     8   Next: 6%
Magic:  8/8        EV: 14    Int: 13    God:    Xom [..*...]
Gold:   118        SH:  0    Dex: 11    Spells: 7/7 levels left

rFire    + + +     SeeInvis .   a - +0 falchion (chaos)
rCold    x . .     Gourm    .   (no shield)
rNeg     . . .     Faith    .   (armour unavailable)
rPois    .         Spirit   .   (helmet restricted)
rElec    .         Reflect  .   (no cloak)
rCorr    .         Harm     .   (no gloves)
MR       .....     Rnd*Rage +   (no boots)
Stlth    +.........             (no amulet)
HPRegen  0.21/turn              v - ring of protection from fire
MPRegen  0.11/turn              (no ring)

@: immune to fire clouds, short of breath
A: breathe frost, unfitting armour, big wings, berserk 1, cold resistance 1,
evolution 1, cold-blooded, AC +6
a: Breathe Frost, Fly, Renounce Religion


You were on level 5 of the Dungeon.
You worshipped Xom.
You were a toy of Xom.
You were hungry.

You visited 1 branch of the dungeon, and saw 5 of its levels.

You collected 118 gold pieces.

Inventory:

Hand Weapons
 a - a +0 falchion of chaos (weapon)
 o - a +0 falchion
 s - a +2 flail of protection
Armour
 d - a cursed +0 leather armour
 p - a +2 helmet
Jewellery
 l - a cursed amulet of inaccuracy
 v - a ring of protection from fire (left hand)
 z - a cursed ring of teleportation {unknown}
Scrolls
 e - 2 scrolls of remove curse
 f - a scroll of fog {unknown}
 h - 2 scrolls of enchant armour
 j - a scroll of blinking
 m - 2 scrolls of teleportation {unknown}
 u - a scroll of magic mapping {unknown}
 y - a scroll of noise {unknown}
Potions
 c - 5 potions of curing
 g - a potion of magic {unknown}
 i - 2 potions of stabbing {unknown}
 k - 2 potions of flight {unknown}
 n - 3 potions of lignification {unknown}
 q - a potion of resistance {unknown}
 r - a potion of heal wounds {unknown}
 t - a potion of haste {unknown}
 w - a potion of brilliance {unknown}
 x - a potion of degeneration {unknown}
Comestibles
 b - 6 rations
 A - 4 chunks of flesh


   Skills:
 + Level 6.8 Fighting
 + Level 6.2 Long Blades
 + Level 5.3 Dodging


You had 7 spell levels left.
You didn't know any spells.
Your spell library was empty.

Dungeon Overview and Level Annotations

Branches:
Dungeon (5/15)
 Temple: D:4-7

Altars:
Kikubaaqudgha
Xom
The Shining One

Annotations:
D:5 Edmund, Ijyb


Innate Abilities, Weirdness & Mutations

You can breathe waves of freezing cold.
You can buffet flying creatures when you breathe cold.
Your icy white scales are hard. (AC +6)
You cannot fit into any form of body armour.
Your flesh is cold resistant. (rC+)
You are cold-blooded and may be slowed by cold attacks.
Your large and strong wings let you fly indefinitely.
You tend to lose your temper in combat.
You evolve.


Message History

Ijyb hits you with a +7 club.
* * * LOW HITPOINT WARNING * * *
Ijyb splashes around in the water.
Found a ration.
Some of the chunks of flesh in your inventory have rotted away.
Edmund gestures with his flail.
Ijyb hits you with a +7 club!
* * * LOW HITPOINT WARNING * * *
Press: ? - help, Shift-Dir - straight line, f - Ijyb
Aim: Ijyb, wielding a +7 club, wearing a +0 leather armour and carrying a wand of enslavement (11) (berserk)
You exhale a wave of freezing cold.
The freezing breath hits Ijyb.
Ijyb is lightly wounded.
The freezing breath hits Edmund!
Edmund is moderately wounded.
You are feeling hungry.
Xom guffaws.
The air around you leaps into flame!
Ijyb is engulfed in blazing flames.
Ijyb hits you with a +7 club!
You die...
Xom cackles wildly!

#......#.###.##
.(##...#..# #
####.###..# # #.## ...
.## ####... .# ######..#
.....# .......%. .....##
#........ .......
#○☼...... .....##
##@○.../.≈ .......
##☼g☼.≈≈..≈ .....#######
#≈≈..≈..≈..
.............#≈≈@.≈..≈⌠.
.##.... .....#≈≈{..≈.⌠≈.
.. .... ...!#≈≈≈..≈..≈.
.#. .## #..##≈≈≈..≈..≈
.... . ...##.≈..≈... ##
.. #)##..≈≈....


You could see Edmund and Ijyb (berserk).

Vanquished Creatures
  Pikel (D:3)
  A scorpion (D:5)
  A hound (D:5)
  An orc priest (D:5)
  Jessica (D:2)
  An iguana (D:4)
  4 orc wizards
  2 worker ants
  Robin (D:3)
  9 gnolls
  6 adders
  2 oozes
  An adder skeleton (D:4)
  A worm (D:3)
  4 dart slugs
  4 leopard geckos
  17 orcs
  9 bats
  A giant cockroach (D:4)
  11 goblins
  10 hobgoblins
  2 quokkas (D:4)
  5 frilled lizards
  8 kobolds
  A leopard gecko skeleton (D:4)
  6 rats
110 creatures vanquished.

Vanquished Creatures (others)
  A human (D:2)
  A gnoll (D:4)
  2 orcs (D:4)
  A giant cockroach (D:4)
5 creatures vanquished.

Grand Total: 115 creatures vanquished

Notes
Turn   | Place    | Note
-------+----------+-------------------------------------------
     0 | D:1      | Abzac the Draconian Chaos Knight began the quest for the
                  | Orb.
     0 | D:1      | Reached XP level 1. HP: 19/19 MP: 1/1
    70 | D:1      | XOM: silly message
   152 | D:1      | XOM: silly message
   158 | D:1      | Reached XP level 2. HP: 21/26 MP: 2/2
   294 | D:1      | XOM: silly message
   599 | D:1      | XOM: scenery: create altars
   972 | D:2      | Reached XP level 3. HP: 30/33 MP: 3/3
  1000 | D:2      | Found an ancient bone altar of Kikubaaqudgha.
  1002 | D:2      | Noticed a human
  1004 | D:2      | Killed a human
  1007 | D:2      | XOM: scenery: create altars
  1067 | D:2      | Noticed Jessica
  1072 | D:2      | Killed Jessica
  1133 | D:2      | Reached XP level 4. HP: 34/40 MP: 4/4
  1327 | D:3      | XOM: swap monsters
  1334 | D:3      | Noticed Robin
  1676 | D:3      | Killed Robin
  1814 | D:4      | Reached XP level 5. HP: 36/47 MP: 5/5
  1901 | D:4      | Noticed a slave
  1902 | D:4      | Noticed a slave
  1902 | D:4      | Noticed a slave
  1902 | D:4      | Noticed Pikel
  1921 | D:4      | XOM: potion effect (stabbing)
  1928 | D:4      | Noticed a slave
  1932 | D:4      | XOM: confuse monster(s)
  1933 | D:5      | Entered Level 5 of the Dungeon
  2014 | D:5      | XOM: give mutations
  2014 | D:5      | Gained mutation: You are frail. (-10% HP) [Xom's mischief]
  2014 | D:5      | Gained mutation: You tend to lose your temper in combat.
                  | [Xom's mischief]
  2014 | D:5      | Gained mutation: You evolve. [Xom's mischief]
  2014 | D:5      | Gained mutation: Your large and strong wings let you fly
                  | indefinitely. [Xom's mischief]
  2032 | D:5      | XOM: god gift: ration
  2175 | D:5      | Reached skill level 5 in Fighting
  2176 | D:5      | Reached XP level 6. HP: 50/50 MP: 6/6
  2201 | D:5      | XOM: silly message
  2255 | D:5      | Lost mutation: You are frail. (-10% HP) [evolution]
  2386 | D:4      | XOM: summons 3 friendly demons
  2677 | D:4      | XOM: god gift: ration
  2806 | D:4      | XOM: 1-stop teleportation journey
  2865 | D:4      | XOM: cleaving
  2964 | D:4      | XOM: destruction
  2984 | D:4      | XOM: confuse monster(s)
  3253 | D:3      | Reached skill level 5 in Long Blades
  3424 | D:3      | XOM: enchant monster (good)
  3542 | D:3      | XOM: cloud trail
  3999 | D:3      | XOM: noise
  4340 | D:3      | Killed Pikel
  4340 | D:3      | Reached skill level 5 in Dodging
  4340 | D:3      | Your scales start taking on an icy white colour.
  4340 | D:3      | Reached XP level 7. HP: 27/64 MP: 7/7
  4340 | D:3      | Gained mutation: Your flesh is cold resistant. (rC+) [White
                  | Draconian growth]
  4924 | D:4      | Reached XP level 8. HP: 71/71 MP: 8/8
  4977 | D:4      | Found a glowing golden altar of the Shining One.
  5047 | D:5      | Noticed Ijyb
  5051 | D:5      | Noticed Edmund
  5064 | D:5      | XOM: cast spell 'Ring of Flames'
  5064 | D:5      | Slain by Ijyb

Illustrated notes

Levels and vault maps discovered:
D:1:      wander_arrival_desolate, layout_basic
D:2:      layout_loops_ring, tgw_kikubaaqudgha, uniq_jessica
D:3:      layout_basic, first_ration, uniq_robin
D:4:      layout_basic, tso_altar, uniq_pikel
D:5:      cheibrodos_helix_gallery, layout_basic, uniq_ijyb, uniq_edmund

Skill      XL: |  1  2  3  4  5  6 |
---------------+-------------------+-----
Fighting       | 4 5 6 |  6.8
Dodging        | 3 5 |  5.3
Long Blades    | 4 6 |  6.2

Action                   |  1- 3 |  4- 6 |  7- 9 || total
-------------------------+-------+-------+-------++-------
Melee: Falchion          |    64 |   237 |    40 ||   341
       Tailslap          |     7 |    28 |     7 ||    42
 Abil: Breathe Frost     |       |       |     1 ||     1
  Use: Scroll            |       |     6 |       ||     6
 Stab: Sleeping          |       |     1 |       ||     1
       Confused          |       |     1 |       ||     1
       Petrifying        |       |     1 |       ||     1
       Paralysed         |       |       |     4 ||     4
  Eat: Chunk             |     1 |     6 |     3 ||    10
       Ration            |       |     1 |       ||     1
Armor: Skin              |    32 |    76 |    12 ||   120
Dodge: Dodged            |    52 |   160 |    29 ||   241
       Rpst.: Falchion   |    15 |    46 |     8 ||    69
